 Dungeon Crawl Stone Soup version 0.26.0-7-g794d0892b4 (webtiles) character file.

Game seed: 1179413784172276377

2445 lessens the Carver (level 9, 0/50 HPs)
             Began as a Tengu Abyssal Knight on Jan 11, 2021.
             Was an Elder of Lugonu.
             Succumbed to a killer bee's poison
             ... on level 7 of the Dungeon.
             The game lasted 00:11:30 (9243 turns).

lessens the Carver (Tengu Abyssal Knight)           Turns: 9243, Time: 00:11:31

Health: 0/50       AC:  5    Str: 16    XL:     9   Next: 49%
Magic:  11/14      EV: 12    Int: 19    God:    Lugonu [****..]
Gold:   137        SH:  0    Dex: 13    Spells: 8/8 levels left

rFire    . . .     SeeInvis .   a - +1 falchion
rCold    . . .     Faith    .   (no shield)
rNeg     . . .     Spirit   .   z - +0 ring mail
rPois    .         Reflect  .   (helmet restricted)
rElec    .         Harm     .   (no cloak)
rCorr    .         Rampage  .   (no gloves)
Will     .....                  (boots unavailable)
Stlth    +.........             (no amulet)
HPRegen  0.16/turn              s - +6 ring of intelligence
MPRegen  0.14/turn              p - ring of wizardry

@: lethally poisoned (0 -> -7), flying quickly and evasively, quick
A: beak, talons 3, able to fly
a: Stop Flying, Renounce Religion, Depart the Abyss, Bend Space, Banish, Corrupt


You were on level 7 of the Dungeon.
You worshipped Lugonu.
Lugonu was greatly pleased with you.
You visited 1 branch of the dungeon, and saw 7 of its levels.
You visited the Abyss 1 time.

You collected 185 gold pieces.
You spent 48 gold pieces at shops.

Inventory:

Hand Weapons
 a - a +1 falchion (weapon)
 g - a +2 short sword of venom
 n - a +0 long sword
Missiles
 d - 138 stones
 m - 8 datura-tipped darts
 x - 29 poisoned darts (quivered)
 C - 8 atropa-tipped darts
 F - 3 curare-tipped darts
Armour
 b - a +0 leather armour
 c - a +0 scale mail
 z - a +0 ring mail (worn)
Jewellery
 p - a ring of wizardry (right hand)
 r - an uncursed ring of fire
 s - a +6 ring of intelligence (left hand)
Wands
 v - a wand of flame (17)
Scrolls
 i - 2 scrolls of remove curse {unknown}
 j - 3 scrolls of fear {unknown}
 l - 3 scrolls of enchant weapon {unknown}
 t - 4 scrolls of amnesia {unknown}
 w - 2 scrolls of noise {unknown}
 y - 3 scrolls of enchant armour {unknown}
 A - 2 scrolls of teleportation {unknown}
Potions
 f - 2 potions of mutation
 h - a potion of degeneration
 k - a potion of resistance
 o - a potion of brilliance
 q - a potion of magic
 u - a potion of might
 D - a potion of berserk rage
 G - a potion of lignification


   Skills:
 - Level 3.0 Fighting
 * Level 11.6 Long Blades
 - Level 2.1 Armour
 - Level 1.1 Dodging
 + Level 6.1 Invocations


You had 8 spell levels left.
You didn't know any spells.
Your spell library was empty.

Dungeon Overview and Level Annotations

Branches:
Dungeon (7/15)             Temple (0/1) D:4

Altars:
Dithmenos
Gozag
Kikubaaqudgha
Ru
Sif Muna
Wu Jian
Xom
Yredelemnul
Zin

Shops:
D:6 *


Innate Abilities, Weirdness & Mutations

You have a beak for a mouth.
You have claws for feet.
You can fly continuously.


Message History

You feel sick.
* * * LOW HITPOINT WARNING * * *
You feel sick.
Found 11 gold pieces.
* * * LOW HITPOINT WARNING * * *
You feel sick.
* * * LOW HITPOINT WARNING * * *
You feel sick.
* * * LOW HITPOINT WARNING * * *
You feel sick.
Found a pair of gloves.
* * * LOW HITPOINT WARNING * * *
You feel sick.
* * * LOW HITPOINT WARNING * * *
You feel sick.
* * * LOW HITPOINT WARNING * * *
You feel sick.
* * * LOW HITPOINT WARNING * * *
You feel sick.
You die...

#.[.#............###
##...............#.##
##................. ..
##.).....<........
...####.....[...........
#.....#...#.......>.....
#...$...#.............
#..###.#.####.(<.......
#@#..# #...).)..##
..........## #......)...
..........# #.((.......
...........# ##.........
........................
........................
........##..............
........# ..............
.............


There were no monsters in sight!

Vanquished Creatures
  A sky beast (D:6)
  4 ogres
  3 phantoms
  2 centaurs (D:5)
  5 bullfrogs
  3 killer bees
  A howler monkey (D:5)
  A bullfrog zombie (D:5)
  A centaur zombie (D:5)
  2 hounds
  A jelly (D:7)
  An orc priest (D:5)
  A centaur skeleton (D:6)
  4 orc wizards
  3 bullfrog skeletons (D:5)
  An iguana (D:7)
  5 worker ants
  3 hound zombies
  A hound skeleton (D:4)
  2 worker ant zombies (D:5)
  2 gnolls (D:7)
  A howler monkey skeleton (D:5)
  6 adders
  2 shadow imps (D:6)
  A white imp (D:6)
  2 ufetubi
  An adder zombie (D:5)
  4 adder skeletons
  4 worms
  2 dart slugs
  3 leopard geckos
  14 orcs
  A ball python (D:3)
  A giant cockroach (D:5)
  6 goblins
  6 hobgoblins
  3 jackals
  8 kobolds
  6 quokkas
  7 bats
  6 frilled lizards
  A jackal zombie (D:4)
  A kobold skeleton (D:5)
  2 kobold zombies (D:5)
  2 quokka zombies (D:5)
  10 rats
  2 rat zombies (D:6)
149 creatures vanquished.

Vanquished Creatures (others)
  A fungus (D:5)
  7 plants (D:5)
  3 withered plants (D:5)
11 creatures vanquished.

Grand Total: 160 creatures vanquished

Notes
Turn   | Place    | Note
-------+----------+-------------------------------------------
     0 | Abyss:1  | lessens the Tengu Abyssal Knight began the quest for the
                  | Orb.
     0 | Abyss:1  | Reached XP level 1. HP: 14/14 MP: 3/3
    26 | D:1      | Escaped the Abyss
   302 | D:1      | Reached XP level 2. HP: 18/19 MP: 4/4
   303 | D:1      | Reached skill level 3 in Long Blades
   480 | D:1      | Reached ** piety under Lugonu
   842 | D:2      | Reached XP level 3. HP: 23/23 MP: 5/5
  1222 | D:2      | Noticed a phantom
  1682 | D:2      | Reached skill level 4 in Long Blades
  2231 | D:3      | Reached XP level 4. HP: 21/28 MP: 6/6
  2426 | D:2      | Killed a phantom
  2427 | D:2      | Reached skill level 5 in Long Blades
  2427 | D:2      | Gained mutation: You can fly continuously. [Tengu growth]
  2427 | D:2      | Reached XP level 5. HP: 14/32 MP: 7/7
  3147 | D:3      | Reached skill level 6 in Long Blades
  3271 | D:3      | Found an ornate altar of the Wu Jian Council.
  3272 | D:3      | Found an opulent altar of Gozag.
  3272 | D:3      | Found a shimmering blue altar of Sif Muna.
  3542 | D:4      | Noticed an ogre
  3759 | D:4      | Reached XP level 6. HP: 35/37 MP: 8/8
  3833 | D:4      | Noticed a phantom
  3870 | D:4      | Killed a phantom
  4035 | D:4      | Reached skill level 7 in Long Blades
  4079 | D:4      | Reached XP level 7. HP: 41/41 MP: 10/10
  4131 | D:4      | Reached *** piety under Lugonu
  4177 | D:4      | Found a shadowy altar of Dithmenos.
  4310 | D:4      | Found a staircase to the Ecumenical Temple.
  4367 | D:5      | Entered Level 5 of the Dungeon
  4367 | D:5      | Found a shimmering altar of Xom.
  4367 | D:5      | Found a glowing silver altar of Zin.
  4367 | D:5      | Noticed an angel
  4525 | D:5      | Found a runed translucent door.
  4525 | D:5      | Noticed a human
  4551 | D:5      | Found a basalt altar of Yredelemnul.
  4776 | D:5      | Reached skill level 8 in Long Blades
  5280 | D:5      | Found a sacrificial altar of Ru.
  5313 | D:5      | Reached XP level 8. HP: 44/46 MP: 11/11
  5341 | D:5      | Reached skill level 9 in Long Blades
  6795 | D:6      | Found Dijetel's General Store.
  6826 | D:6      | Bought 3 curare-tipped darts for 18 gold pieces
  6826 | D:6      | Bought a potion of lignification for 30 gold pieces
  6856 | D:6      | Reached skill level 10 in Long Blades
  6906 | D:6      | Reached skill level 5 in Invocations
  7668 | D:6      | Reached **** piety under Lugonu
  7669 | D:6      | Reached XP level 9. HP: 50/50 MP: 12/14
  8276 | D:6      | Reached skill level 11 in Long Blades
  8379 | D:6      | Found an ancient bone altar of Kikubaaqudgha.
  9239 | D:7      | HP: 2/50 [poisoned by a killer bee]
  9243 | D:7      | Succumbed to a killer bee's poison

Illustrated notes

Levels and vault maps discovered:
D:1:      dpeg_arrival_lava_altar, layout_basic, st_stairs_11,
          hangedman_abyss_or_decor_lesser_grid, ebering_dispersal_statue_hall
D:2:      layout_basic
D:3:      layout_basic, grunt_temple_overflow_open
D:4:      layout_rooms, grunt_dithmenos_smoke_and_mirrors,
          minmay_temple_entry_fiery
D:5:      layout_cave_pods, grunt_temple_overflow_order_and_chaos_1,
          nicolae_ru_the_path_less_chosen, serial_undead, serial_undead_f,
          serial_undead_e, serial_undead_e, serial_undead_e, serial_undead_d,
          serial_undead_e, dk_yredelemnul_ordeal
D:6:      layout_cave_pods, lemuel_zombie_altar_kikubaaqudgha, serial_shops,
          shop, abandoned_shop
D:7:      layout_cave_pools, basic_altar, serial_shops, shop_statue

Skill      XL: |  1  2  3  4  5  6  7  8  9 |
---------------+----------------------------+-----
Long Blades    | 3 4 5 6 7 8 10 11 | 11.6
Invocations    | 2 3 5 6 |  6.1
Fighting       | |  3.0
Armour         | |  2.1
Dodging        | |  1.1

Action                   |  1- 3 |  4- 6 |  7- 9 || total
-------------------------+-------+-------+-------++-------
Melee: Falchion          |    87 |    77 |   308 ||   472
       Kick              |    23 |    30 |   102 ||   155
       Peck              |    11 |    17 |    53 ||    81
Throw: Dart              |       |     5 |    23 ||    28
Invok: Banish            |       |       |     6 ||     6
 Abil: Fly               |       |     1 |       ||     1
  Use: Potion            |       |       |     5 ||     5
       Scroll            |       |       |     8 ||     8
Armor: Leather armour    |    16 |    14 |       ||    30
       Ring mail         |       |     4 |    95 ||    99
Dodge: Dodged            |    42 |    59 |   200 ||   301
       Rpst.: Falchion   |    16 |    16 |    62 ||    94
